 Dungeon Crawl Stone Soup version 0.23.2-1-ga50397a (webtiles) character file.

Game seed: 14268795579578765950

95 IBeShadow the Gusty (level 4, 0/26 HPs)
             Began as a Tengu Air Elementalist on May 15, 2019.
             Slain by a gnoll
             ... wielding a cursed +0 spear
              (5 damage)
             ... on level 2 of the Dungeon.
             The game lasted 00:02:51 (2257 turns).

IBeShadow the Gusty (Tengu Air Elementalist)        Turns: 2257, Time: 00:02:53

Health: 0/26       AC:  2    Str: 10    XL:     4   Next: 66%
Magic:  3/9        EV: 12    Int: 15    God:
Gold:   76         SH:  0    Dex: 14    Spells: 7/8 levels left

rFire    . . .     SeeInvis .   h - -1 dagger (curse)
rCold    . . .     Gourm    .   (no shield)
rNeg     . . .     Faith    .   a - +0 robe
rPois    .         Spirit   .   (helmet restricted)
rElec    .         Reflect  .   (no cloak)
rCorr    .         Harm     .   (no gloves)
MR       .....                  (boots unavailable)
Stlth    ++........             (no amulet)
HPRegen  0.08/turn              (no ring)
MPRegen  0.11/turn              (no ring)

@: no status effects
A: beak, talons 3
a: no special abilities


You were on level 2 of the Dungeon.
You were hungry.

You visited 1 branch of the dungeon, and saw 2 of its levels.

You collected 76 gold pieces.

Inventory:

Hand Weapons
 h - a cursed -1 dagger (weapon)
Armour
 a - a +0 robe (worn)
Jewellery
 m - an uncursed ring of ice
Scrolls
 b - 4 scrolls of identify {unknown}
 e - a scroll of enchant weapon {unknown}
 g - a scroll of remove curse {unknown}
 j - a scroll of magic mapping {unknown}
Potions
 d - a potion of cancellation {unknown}
 f - 2 potions of degeneration {unknown}
 i - a potion of agility {unknown}
 l - a potion of might
 n - a potion of brilliance {unknown}
Comestibles
 c - 3 rations
 k - 3 chunks of flesh


   Skills:
 + Level 1.8 Fighting
 - Level 2.1 Dodging
 - Level 2.0 Stealth
 + Level 2.7 Spellcasting
 + Level 3.0 Conjurations
 + Level 4.9 Air Magic


You had 7 spell levels left.
You knew the following spells:

 Your Spells              Type           Power        Failure   Level  Hunger
a - Shock                 Conj/Air       ##..         4%          1    #......

Your spell library contained the following spells:

 Spells                   Type           Power        Failure   Level  Hunger
 Swiftness                Chrm/Air       #.......     12%         2    ##.....
 Static Discharge         Conj/Air       ##......     12%         3    ###....
 Confusing Touch          Hex            #.....       21%         1    #......
 Airstrike                Air            ###.......   26%         4    #####..
 Confuse                  Hex            #.......     52%         3    ###....
 Gell's Gravitas          Tloc           #.........   52%         3    ###....
 Lightning Bolt           Conj/Air       ##........   73%         5    ######.
 Petrify                  Tmut/Erth      #.......     90%         4    #####..
 Metabolic Englaciation   Hex/Ice        #.........   99%         5    ######.
 Yara's Violent Unravell  Hex/Tmut       #.........   99%         5    ######.


Dungeon Overview and Level Annotations

Branches:
Dungeon (2/15)

Altars:
Fedhas
Hepliaklqana
Qazlal
Uskayaw


Innate Abilities, Weirdness & Mutations

You have a beak for a mouth.
You have claws for feet.


Message History

Aim: a gnoll, wielding a +0 flail (heavily wounded)
The zap hits the gnoll.
The gnoll is almost dead.
The zap hits the gnoll.
The gnoll is heavily wounded.
The zap hits the gnoll.
You kill the gnoll!
The gnoll closely misses you.
Casting: Shock (safe; 4% risk of failure)
Confirm with . or Enter, or press ? or * to list all spells.
Aiming: Shock (safe; 4% risk of failure)
Press: ? - help, Shift-Dir - straight line, f/p - gnoll
Aim: a gnoll, wielding a +0 flail (almost dead)
The zap hits the gnoll but does no damage.
The gnoll is heavily wounded.
The zap hits the gnoll.
You kill the gnoll!
Your Conjurations skill increases to level 3!
The gnoll hits you from afar with a cursed +0 spear.
You die...

### #.. #.# #.# #
### #.# .##.. #.#
..... ###.#####
####.#
#.@.....######.....
#.#.###........##.#
#g#.###........#...
#.#..##........#.##
#)##.##........#.##
#..............#.##
#.######.......#...
#.# #....(..#...
#.# #########.##


You could see a gnoll.

Vanquished Creatures
  Jessica (D:2)
  2 gnolls (D:2)
  An adder (D:2)
  2 dart slugs (D:1)
  A ball python (D:1)
  A giant cockroach (D:1)
  10 goblins
  6 hobgoblins
  3 kobolds
  4 bats
  A frilled lizard (D:1)
  5 rats
37 creatures vanquished.

Notes
Turn   | Place    | Note
-------+----------+-------------------------------------------
     0 | D:1      | IBeShadow the Tengu Air Elementalist began the quest for
                  | the Orb.
     0 | D:1      | Reached XP level 1. HP: 10/10 MP: 4/4
   424 | D:1      | Reached XP level 2. HP: 7/16 MP: 6/6
   756 | D:1      | Reached skill level 1 in Fighting
  1047 | D:1      | Reached XP level 3. HP: 20/20 MP: 7/7
  1313 | D:2      | Noticed Jessica
  1329 | D:2      | Killed Jessica
  1850 | D:2      | Found a blossoming altar of Fedhas.
  1873 | D:2      | Found a hide-covered altar of Uskayaw.
  1875 | D:2      | Found a hazy altar of Hepliaklqana.
  1876 | D:2      | Reached XP level 4. HP: 24/25 MP: 6/8
  2076 | D:2      | Found a stormy altar of Qazlal.
  2257 | D:2      | Slain by a gnoll

Skill      XL: |  1  2  3  4 |
---------------+-------------+-----
Conjurations   | 2 3 |  3.0
Fighting       | 1 |  1.8
Dodging        | |  2.1
Stealth        | |  2.0
Spellcasting   | |  2.7
Air Magic      | |  4.9

Action                   |  1- 3 |  4- 6 || total
-------------------------+-------+-------++-------
Melee: Unarmed           |    46 |       ||    46
       Kick              |    17 |     3 ||    20
       Peck              |    13 |     2 ||    15
       Dagger            |    37 |    21 ||    58
 Cast: Shock             |    16 |    12 ||    28
 Stab: Sleeping          |     4 |     1 ||     5
  Eat: Chunk             |     3 |     1 ||     4
Armor: Robe              |     8 |     3 ||    11
Dodge: Dodged            |    42 |     8 ||    50
